 Seeded DCSS version 0.23.2 (webtiles) character file.

Game seed: 97667173627

996 Kranky the Magician (level 8, -4/58 HPs)
             Began as a Gnoll Wizard on Oct 17, 2019.
             Slain by an ogre
             ... wielding a +0 giant spiked club
              (12 damage)
             ... on level 5 of the Dungeon.
             The game lasted 00:19:45 (5026 turns).

Kranky the Magician (Gnoll Wizard)                  Turns: 5026, Time: 00:19:45

Health: -4/58      AC: 10    Str: 13    XL:     8   Next: 19%
Magic:  14/19      EV: 13    Int: 20    God:
Gold:   83         SH:  0    Dex: 13    Spells: 14/22 levels left

rFire    + . .     SeeInvis .   m - +2 short sword (drain)
rCold    . . .     Gourm    .   (no shield)
rNeg     . . .     Faith    +   r - +2 ring mail {rPois}
rPois    +         Spirit   .   C - +0 helmet
rElec    .         Reflect  .   (no cloak)
rCorr    .         Harm     .   (no gloves)
MR       .....                  y - +1 pair of boots {Stlth+}
Stlth    +++.......             w - amulet of faith
HPRegen  0.19/turn              p - ring of protection from fire
MPRegen  0.16/turn              (no ring)

@: no status effects
A: distributed training, fangs 1, strong nose
a: no special abilities


You were on level 5 of the Dungeon.
You were not hungry.

You visited 1 branch of the dungeon, and saw 5 of its levels.
You also visited: Sewer.

You collected 278 gold pieces.
You spent 195 gold pieces at shops.

Inventory:

Hand Weapons
 h - a +0 hunting sling
 j - a +0 dagger
 m - a +2 short sword of draining (weapon)
Missiles
 q - 72 sling bullets
Armour
 r - a +2 ring mail of poison resistance (worn)
 u - a +2 ring mail of cold resistance
 y - a +1 pair of boots of stealth (worn)
 C - a +0 helmet (worn)
Jewellery
 p - a ring of protection from fire (left hand)
 w - an amulet of faith (around neck)
Wands
 o - a wand of clouds (6)
 t - a wand of iceblast (3)
 x - a wand of polymorph (7)
Scrolls
 c - 4 scrolls of noise {unknown}
 e - 2 scrolls of fear {unknown}
 g - 6 scrolls of identify {unknown}
 k - 3 scrolls of teleportation {unknown}
 l - 5 scrolls of enchant weapon {unknown}
 n - a scroll of immolation {unknown}
 s - 4 scrolls of enchant armour {unknown}
Potions
 f - a potion of haste {unknown}
 i - 5 potions of heal wounds {unknown}
 v - 5 potions of flight {unknown}
 z - 3 potions of curing {unknown}
 A - a potion of might {unknown}
 B - a potion of brilliance {unknown}
Comestibles
 a - 2 chunks of flesh
 d - 5 rations


   Skills:
 + Level 3.0 Fighting
 + Level 3.0 Short Blades
 + Level 3.0 Long Blades
 + Level 3.0 Axes
 + Level 3.0 Maces & Flails
 + Level 3.0 Polearms
 + Level 3.0 Staves
 + Level 3.0 Slings
 + Level 3.0 Bows
 + Level 3.0 Crossbows
 + Level 3.0 Throwing
 + Level 3.0 Armour
 + Level 5.5 Dodging
 + Level 5.2 Stealth
 + Level 3.0 Shields
 + Level 3.0 Unarmed Combat
 + Level 7.8 Spellcasting
 + Level 3.3 Conjurations
 + Level 2.4 Hexes
 + Level 2.4 Charms
 + Level 3.3 Summonings
 + Level 2.4 Necromancy
 + Level 3.3 Translocations
 + Level 2.4 Transmutations
 + Level 2.4 Fire Magic
 + Level 2.4 Ice Magic
 + Level 2.4 Air Magic
 + Level 2.4 Earth Magic
 + Level 2.4 Poison Magic
 + Level 3.3 Invocations
 + Level 3.0 Evocations


You had 14 spell levels left.
You knew the following spells:

 Your Spells              Type           Power        Failure   Level  Hunger
a - Magic Dart            Conj           ###.         4%          1    None
b - Mephitic Cloud        Conj/Pois/Air  ###.....     17%         3    None
c - Blink                 Tloc           N/A          7%          2    None
d - Call Imp              Summ           ###.....     7%          2    None

Your spell library contained the following spells:

 Spells                   Type           Power        Failure   Level  Hunger
 Slow                     Hex            ###.....     10%         2    None
 Conjure Flame            Conj/Fire      ###.....     17%         3    None


Dungeon Overview and Level Annotations

Branches:
Dungeon (5/15)
 Temple: D:4-7

Altars:

Shops:
D:5 [


Innate Abilities, Weirdness & Mutations

Your experience applies equally to all skills.
You have very sharp teeth.
Your uncanny sense of smell can sniff out nearby items.


Message History

The stinking cloud engulfs the ogre but does no damage.
The ogre is lightly wounded.
The stinking cloud engulfs you but does no damage.
You hear an angry hiss.
A worker ant comes into view.
Unknown command.
You puncture the ogre!
The ogre is heavily wounded.
The ogre is engulfed in noxious fumes.
The ogre hits you with a +0 giant spiked club!!
Ouch! That really hurt!
* * * LOW HITPOINT WARNING * * *
You barely miss the ogre. You bite the ogre, but do no damage.
The ogre is heavily wounded.
The ogre is engulfed in noxious fumes.
The ogre barely misses you.
You hit the ogre. You drain the ogre.
The ogre is almost dead.
An adder comes into view.
The ogre hits you with a +0 giant spiked club!
You die...

.)####≈≈≈###......).).#####..#≈##
.....#####......)###....[[#..#.#
..........).######≈###...)#..#≈#
..###.....###≈≈≈≈≈≈≈≈######..#≈#
#...#######....≈≈≈≈≈≈≈≈ ##≈#
...............<≈≈≈≈≈.. #≈#
###......######.####..# #### #≈##
###÷.....### #..# .## #....#≈#.
...........# ##@# #....#≈#.
...........# #O# #........
...........# #.# #........
...........# #.○ #........
...........# ##a# #........
...........# .# #........
............ ∆ .# #.......[
###########. S# #........ .#
#........


You could see an ogre, a worker ant and an adder (wandering).

Vanquished Creatures
  3 ogres
  4 big kobolds
  A scorpion (D:4)
  An orc wizard (D:4)
  2 orc priests (D:4)
  A worker ant (D:5)
  An iguana (D:4)
  9 adders
  3 river rats (Sewer)
  4 oozes
  An adder skeleton (D:5)
  4 worms
  3 dart slugs
  4 leopard geckos
  17 orcs
  3 giant cockroaches
  10 hobgoblins
  10 jackals
  27 kobolds
  A quokka (D:2)
  5 ball pythons
  4 bats
  11 frilled lizards
  7 goblins
  29 rats
165 creatures vanquished.

Vanquished Creatures (others)
  8 plants (D:3)
8 creatures vanquished.

Grand Total: 173 creatures vanquished

Notes
Turn   | Place    | Note
-------+----------+-------------------------------------------
     0 | D:1      | Kranky the Gnoll Wizard began the quest for the Orb.
     0 | D:1      | Reached XP level 1. HP: 13/13 MP: 8/8
   127 | D:1      | Reached XP level 2. HP: 19/19 MP: 8/10
   454 | D:1      | Reached XP level 3. HP: 15/25 MP: 4/11
  1007 | D:2      | Reached skill level 1 in Invocations
  1207 | D:2      | Reached skill level 1 in Fighting
  1207 | D:2      | Reached skill level 1 in Short Blades
  1207 | D:2      | Reached skill level 1 in Long Blades
  1207 | D:2      | Reached skill level 1 in Axes
  1207 | D:2      | Reached skill level 1 in Maces & Flails
  1207 | D:2      | Reached skill level 1 in Polearms
  1207 | D:2      | Reached skill level 1 in Staves
  1207 | D:2      | Reached skill level 1 in Slings
  1207 | D:2      | Reached skill level 1 in Bows
  1207 | D:2      | Reached skill level 1 in Crossbows
  1207 | D:2      | Reached skill level 1 in Throwing
  1207 | D:2      | Reached skill level 1 in Armour
  1207 | D:2      | Reached skill level 1 in Shields
  1207 | D:2      | Reached skill level 1 in Unarmed Combat
  1207 | D:2      | Reached skill level 1 in Evocations
  1207 | D:2      | Reached XP level 4. HP: 32/32 MP: 9/13
  1990 | D:3      | Reached skill level 1 in Hexes
  1990 | D:3      | Reached skill level 1 in Charms
  1990 | D:3      | Reached skill level 1 in Necromancy
  1990 | D:3      | Reached skill level 1 in Transmutations
  1990 | D:3      | Reached skill level 1 in Fire Magic
  1990 | D:3      | Reached skill level 1 in Ice Magic
  1990 | D:3      | Reached skill level 1 in Air Magic
  1990 | D:3      | Reached skill level 1 in Earth Magic
  1990 | D:3      | Reached skill level 1 in Poison Magic
  2154 | D:3      | Noticed an ogre
  2175 | D:3      | Learned a level 3 spell: Mephitic Cloud
  2178 | D:3      | Learned a level 2 spell: Blink
  2246 | D:3      | Killed an ogre
  2246 | D:3      | Reached XP level 5. HP: 37/37 MP: 10/14
  2505 | D:3      | Learned a level 2 spell: Call Imp
  3036 | D:4      | Noticed an ogre
  3045 | D:4      | Killed an ogre
  3045 | D:4      | Reached XP level 6. HP: 44/44 MP: 6/16
  3050 | D:4      | Reached skill level 5 in Dodging
  3301 | D:4      | Reached XP level 7. HP: 42/50 MP: 9/18
  3642 | D:5      | Entered Level 5 of the Dungeon
  3748 | D:5      | Found Busk's Antique Armour Boutique.
  3760 | D:5      | Bought a pair of glowing boots for 195 gold pieces
  3779 | D:5      | Found a glowing drain.
  3788 | Sewer    | Entered a sewer
  3954 | Sewer    | Reached skill level 5 in Stealth
  4243 | Sewer    | Reached XP level 8. HP: 55/57 MP: 15/19
  5026 | D:5      | Slain by an ogre

Skill      XL: |  1  2  3  4  5  6  7  8 |
---------------+-------------------------+-----
Conjurations   | 2 3 |  3.3
Summonings     | 2 3 |  3.3
Translocations | 2 3 |  3.3
Invocations    | 1 2 3 |  3.3
Fighting       | 1 2 3 |  3.0
Short Blades   | 1 2 3 |  3.0
Long Blades    | 1 2 3 |  3.0
Axes           | 1 2 3 |  3.0
Maces & Flails | 1 2 3 |  3.0
Polearms       | 1 2 3 |  3.0
Staves         | 1 2 3 |  3.0
Slings         | 1 2 3 |  3.0
Bows           | 1 2 3 |  3.0
Crossbows      | 1 2 3 |  3.0
Throwing       | 1 2 3 |  3.0
Armour         | 1 2 3 |  3.0
Shields        | 1 2 3 |  3.0
Unarmed Combat | 1 2 3 |  3.0
Evocations     | 1 2 3 |  3.0
Hexes          | 1 2 |  2.4
Charms         | 1 2 |  2.4
Necromancy     | 1 2 |  2.4
Transmutations | 1 2 |  2.4
Fire Magic     | 1 2 |  2.4
Ice Magic      | 1 2 |  2.4
Air Magic      | 1 2 |  2.4
Earth Magic    | 1 2 |  2.4
Poison Magic   | 1 2 |  2.4
Dodging        | 5 |  5.5
Stealth        | 5 |  5.2
Spellcasting   | |  7.8

Action                   |  1- 3 |  4- 6 |  7- 9 || total
-------------------------+-------+-------+-------++-------
Melee: Dagger            |    13 |       |       ||    13
       Short sword       |     2 |    82 |   133 ||   217
       Bite              |     2 |     4 |    10 ||    16
       Punch             |       |       |     2 ||     2
 Cast: Magic Dart        |    65 |    97 |    69 ||   231
       Mephitic Cloud    |       |     4 |     7 ||    11
 Stab: Sleeping          |     1 |     5 |     2 ||     8
       Confused          |       |     2 |     5 ||     7
  Eat: Chunk             |     1 |     6 |     6 ||    13
Armor: Robe              |     3 |     2 |       ||     5
       Ring mail         |       |     7 |    47 ||    54
Dodge: Dodged            |    23 |    39 |   113 ||   175
